[Event "*** SCC Grand Prix: Titled Tuesday Blitz"]
[Site "Chess.com"]
[Date "2020.08.11"]
[Round "4"]
[White "ChessBitl"]
[Black "emperor87"]
[Result "0-1"]
[WhiteElo "2427"]
[BlackElo "2620"]
[TimeControl "180+1"]
[EndTime "10:35:48 PDT"]
[Termination "emperor87 won by resignation"]

1. e4 c5 2. Nf3 d6 3. d4 cxd4 4.
Nxd4 Nf6 5. f3 e5 6. Bb5+ Nbd7 7. Nf5 a6 8. Bxd7+ Qxd7 9. Nc3 Qc6 10. Bg5 Bxf5 11. exf5 Nd7 12. O-O Nb6 13. Kh1 d5 14. a4 f6 15. a5 Nc4 16. Bc1 Rd8 17. b3 Bb4 18. Ra4 Bxc3 19. bxc4 Qxa4 20. cxd5 O-O 21. Be3 Qc4 22. Qb1 Qxd5 23. Bb6 Rd7 24. h4 Rc8 0-1

[Event "*** SCC Grand Prix: Titled Tuesday Blitz"]
[Site "Chess.com"]
[Date "2020.08.11"]
[Round "4"]
[White "Artyom_ChessMate"]
[Black "Fandorine"]
[Result "0-1"]
[WhiteElo "2555"]
[BlackElo "2893"]
[TimeControl "180+1"]
[EndTime "10:35:55 PDT"]
[Termination "Fandorine won by resignation"]

1. e4 e5 2. Nf3 Nc6 3. Bb5 a6 4. Bxc6 dxc6 5. O-O Bd6 6. d4 exd4 7. Qxd4 f6 8. Be3 Ne7 9. Nbd2 Be6 10. Rad1 Qd7 11.
Nc4 Bxc4 12. Qxc4 Ng6 13. Bc5 O-O-O 14. Bxd6 cxd6 15. Qd4 Rhe8 16. c4 Qg4 17. Nd2 Nf4 0-1

[Event "*** SCC Grand Prix: Titled Tuesday Blitz"]
[Site "Chess.com"]
[Date "2020.08.11"]
[Round "4"]
[White "SHIVACalypso"]
[Black "binbin239"]
[Result "0-1"]
[WhiteElo "2306"]
[BlackElo "2545"]
[TimeControl "180+1"]
[EndTime "10:35:57 PDT"]
[Termination "binbin239 won by resignation"]

1. Nf3 Nf6 2. c4 g6 3. g3 Bg7 4. Bg2 O-O 5. O-O d5 6. d4 dxc4 7. Na3 Na6 8. Nxc4 c5 9. a3 Be6 10. Ne3 Nd5 11. Nxd5 Bxd5 12. Be3 Rc8 13. Rc1 cxd4 14.
Rxc8 Qxc8 15. Bxd4 Bxf3 16. Bxf3 Rd8 17. Qb3 Bxd4 18.
Bxb7 Nc5 0-1

[Event "*** SCC Grand Prix: Titled Tuesday Blitz"]
[Site "Chess.com"]
[Date "2020.08.11"]
[Round "4"]
[White "laboratorio25"]
[Black "kuban1991"]
[Result "0-1"]
[WhiteElo "2424"]
[BlackElo "2732"]
[TimeControl "180+1"]
[EndTime "10:36:08 PDT"]
[Termination "kuban1991 won by resignation"]

1. e4 e6 2. Nf3 d5 3. e5 c5 4. c3 Nc6 5. d4 Qb6 6. a3 Bd7 7. b4 c4 8. Nbd2 f5 9. h4 Nh6 10. g3 Be7 11. Bg2 Nf7 12. Nf1 O-O-O 13. Ng5 Rdf8 14. Nxf7 Rxf7 15. Bf4 g6 16. Bh6 Qd8 17.
Qd2 a5 18. b5 Na7 19. a4 Kb8 20. Bg5 Nc8 21. Bxe7 Qxe7 22. Nh2 h6 23. Nf3 Rg7 24. Qe3 Nb6 25. Nd2 Rhh7 26. Ke2 g5 27. hxg5 hxg5 28. Rxh7 Rxh7 29. Rh1 Rxh1 30. Bxh1 Nxa4 31. Qf3 g4 32. Qe3 Qa3 33. f3 Nxc3+ 34. Kf1 Nxb5 35. Qg5 Nxd4 0-1

[Event "*** SCC Grand Prix: Titled Tuesday Blitz"]
[Site "Chess.com"]
[Date "2020.08.11"]
[Round "4"]
[White "coalescenet"]
[Black "GigaQuparadze"]
[Result "0-1"]
[WhiteElo "1948"]
[BlackElo "2916"]
[TimeControl "180+1"]
[EndTime "10:36:11 PDT"]
[Termination "GigaQuparadze won by resignation"]

1. d4 Nf6 2. c4 e6 3. Nf3 b6 4. a3 Bb7 5. e3 g6 6. Nc3 Bg7 7. d5 O-O 8. Be2 exd5 9. cxd5 Re8 10. O-O a5 11. d6 cxd6 12. Qxd6 Re6 13. Qd2 Ne4 14.
Nxe4 Rxe4 15. Ra2 Nc6 16. b3 d5 17. Bb2 d4 18. Bxd4 Nxd4 19. Nxd4 Bxd4 20. exd4 Rxd4 21. Qe3 Re4 22. Qg3 Rd4 23. h3 a4 24. Re1 axb3 25.
Rb2 Bd5 26. Bf3 Rd3 27. Re3 Rxe3 28. fxe3 Rxa3 29. e4 Be6 30. Be2 Qd4+ 0-1

[Event "*** SCC Grand Prix: Titled Tuesday Blitz"]
[Site "Chess.com"]
[Date "2020.08.11"]
[Round "4"]
[White "BeanScreen"]
[Black "Brave_spirit12"]
[Result "0-1"]
[WhiteElo "2701"]
[BlackElo "2520"]
[TimeControl "180+1"]
[EndTime "10:36:15 PDT"]
[Termination "Brave_spirit12 won by checkmate"]

1. e4 e6 2. d4 d5 3. Nc3 Nf6 4. Bg5 Be7 5. e5 Nfd7 6. h4 h6 7.
Bxe7 Qxe7 8. Qg4 O-O 9. O-O-O c5 10. dxc5 Nxe5 11. Qg3 Nbc6 12. f4 Nd7 13. Nf3 Qxc5 14.
h5 d4 15. Ne4 Qd5 16. Nc3 Qa5 17. Nxd4 Nxd4 18. Rxd4 Nf6 19. Be2 Qc5 20. Rhd1 b6 21. Bf3 Rb8 22. f5 e5 23. Rd6 Kh7 24. Ne4 Qe3+ 25. Nd2 Bxf5 26. Re1 Qc5 27. Qxe5 Qxc2# 0-1

[Event "*** SCC Grand Prix: Titled Tuesday Blitz"]
[Site "Chess.com"]
[Date "2020.08.11"]
[Round "4"]
[White "Valeron87"]
[Black "tsvet2005"]
[Result "0-1"]
[WhiteElo "2349"]
[BlackElo "2570"]
[TimeControl "180+1"]
[EndTime "10:36:15 PDT"]
[Termination "tsvet2005 won on time"]

1. e4 c5 2. Nf3 d6 3. d4 cxd4 4.
Qxd4 Nf6 5. Nc3 Nc6 6. Bb5 Bd7 7. Bxc6 Bxc6 8. Bg5 e6 9. O-O-O Be7 10. Qd3 O-O 11.
Nd4 Qa5 12. f4 Rfc8 13. Kb1 Rab8 0-1

[Event "*** SCC Grand Prix: Titled Tuesday Blitz"]
[Site "Chess.com"]
[Date "2020.08.11"]
[Round "4"]
[White "slavenok"]
[Black "VladimirBugayev"]
[Result "1-0"]
[WhiteElo "2714"]
[BlackElo "2338"]
[TimeControl "180+1"]
[EndTime "10:36:18 PDT"]
[Termination "slavenok won by checkmate"]

1. e4 c6 2. d4 d5 3. exd5 cxd5 4. Nf3 a6 5. c4 Nf6 6. Nc3 Nc6 7.
cxd5 Nxd5 8. Bc4 Nxc3 9. bxc3 e6 10. O-O Be7 11. Qe2 O-O 12. Bd3 Bf6 13. Rb1 g6 14.
Bh6 Re8 15. Rfe1 b5 16. Be4 Bb7 17. Rbd1 Na5 18. Bxb7 Nxb7 19. Ne5 Qc7 20. Bf4 Qxc3 21. Ng4 Bg7 22. Be5 Bxe5 23. Qxe5 f5 24. Nh6+ Kf8 25. Qf6# 1-0

[Event "*** SCC Grand Prix: Titled Tuesday Blitz"]
[Site "Chess.com"]
[Date "2020.08.11"]
[Round "4"]
[White "igorknyazev"]
[Black "Quiet_Desperation"]
[Result "1-0"]
[WhiteElo "1948"]
[BlackElo "2259"]
[TimeControl "180+1"]
[EndTime "10:36:18 PDT"]
[Termination "igorknyazev won by resignation"]

1. e4 Nc6 2. f4 d5 3. e5 Bf5 4. Nf3 e6 5. Be2 Qd7 6. O-O O-O-O 7. d4 f6 8. a3 fxe5 9. Nxe5 Nxe5 10. fxe5 Kb8 11. b4 Ne7 12. b5 Nc8 13. a4 Be7 14. a5 g5 15. Ba3 h5 16. Bxe7 Qxe7 17. a6 b6 18. Nc3 g4 19. Na2 Rdg8 20. Qd2 Qd7 21. Nb4 Ne7 22. c4 dxc4 23. Bxc4 Rd8 24.
Rad1 h4 25. Qg5 Rdg8 26. Qxe7 1-0

[Event "*** SCC Grand Prix: Titled Tuesday Blitz"]
[Site "Chess.com"]
[Date "2020.08.11"]
[Round "4"]
[White "MokshAD1603"]
[Black "chargemax23"]
[Result "0-1"]
[WhiteElo "2460"]
[BlackElo "2648"]
[TimeControl "180+1"]
[EndTime "10:36:20 PDT"]
[Termination "chargemax23 won by resignation"]

1. d4 g6 2. Nf3 Bg7 3. g3 Nf6 4.
Bg2 O-O 5. O-O c5 6. dxc5 Na6 7. Nc3 Nxc5 8. Be3 d6 9. Rb1 a5 10. Bxc5 dxc5 11. Qxd8 Rxd8 12. Ne5 Ne8 13. Nc4 Ra6 14. Rfd1 Nd6 15. e4 Bg4 16. Rd2 Bd4 17. Nxd6 exd6 18.
Nd5 a4 19. Rxd4 cxd4 20. Nf6+ Kg7 21. Nxg4 h5 0-1

[Event "*** SCC Grand Prix: Titled Tuesday Blitz"]
[Site "Chess.com"]
[Date "2020.08.11"]
[Round "4"]
[White "Pashinskiy_Mikhail"]
[Black "Andrakhanova"]
[Result "1-0"]
[WhiteElo "2261"]
[BlackElo "1688"]
[TimeControl "180+1"]
[EndTime "10:36:20 PDT"]
[Termination "Pashinskiy_Mikhail won by resignation"]

1. e4 c5 2. Nc3 e6 3. Nge2 Nc6 4.
g3 g6 5. d4 cxd4 6. Nxd4 d6 7.
Bg2 a6 8. O-O Bg7 9. Be3 Nge7 10. f4 O-O 11. Qd2 Qc7 12. Rad1 Rd8 13. Nde2 b6 14. Qe1 Rb8 15. Qf2 b5 16. a3 b4 17.
axb4 Nxb4 18. Rd2 Bb7 19. Bb6 Qc4 20. Bxd8 Rxd8 21. Rfd1 Bxe4 22. Bxe4 Qxe4 23. Nxe4 1-0

[Event "*** SCC Grand Prix: Titled Tuesday Blitz"]
[Site "Chess.com"]
[Date "2020.08.11"]
[Round "4"]
[White "Gabix_94"]
[Black "keepitcool9499"]
[Result "1-0"]
[WhiteElo "2858"]
[BlackElo "2671"]
[TimeControl "180+1"]
[EndTime "10:36:24 PDT"]
[Termination "Gabix_94 won by checkmate"]

1. c4 e6 2. Nc3 Nf6 3. Nf3 d5 4. d4 Be7 5. Bf4 O-O 6. Qc2 b6 7.
cxd5 exd5 8. e3 Bb7 9. Bd3 Nbd7 10. O-O c5 11. Rad1 Rc8 12. h3 c4 13. Bf5 a6 14.
Ne5 b5 15. Nxd7 Nxd7 16. Bxh7+ Kh8 17. Bf5 Rc6 18. Nxd5 Nf6 19. Nxe7 Qxe7 20. d5 Rc5 21.
e4 g6 22. d6 Qd8 23. Be3 gxf5 24. Bxc5 Nxe4 25. Be3 Rg8 26. f3 Nxd6 27. Qc3+ Kh7 28. Qe5 Qh4 29. Rxd6 Qxh3 30. Rh6+ Qxh6 31. Bxh6 Kxh6 32.
Qxf5 Rg7 33. Qf6+ Kh7 34. Kf2 Kg8 35. Re1 Kh7 36. Rh1+ Kg8 37. Qd8# 1-0

[Event "*** SCC Grand Prix: Titled Tuesday Blitz"]
[Site "Chess.com"]
[Date "2020.08.11"]
[Round "4"]
[White "Tssunami"]
[Black "vrekhson"]
[Result "0-1"]
[WhiteElo "2362"]
[BlackElo "2156"]
[TimeControl "180+1"]
[EndTime "10:36:24 PDT"]
[Termination "vrekhson won by resignation"]

1. Nf3 c5 2. b3 Nc6 3. Bb2 Nf6 4. e3 d6 5. Be2 e5 6. O-O Be7 7. c4 O-O 8. Nc3 h6 9. d3 a6 10. a3 Rb8 11. Qc2 b5 12. cxb5 axb5 13. a4 b4 14. Ne4 Bf5 15. Nfd2 Na5 16. Bf3 d5 17. Nxf6+ Bxf6 18. Qxc5 Bxd3 19. Rfc1 e4 20. Bxf6 Qxf6 21. Qxa5 exf3 22.
Nxf3 Be4 23. Nd4 Rfc8 24. Rxc8+ Rxc8 25. Qxb4 Qg5 26. f3 Qxe3+ 27. Kh1 Rc1+ 0-1

[Event "*** SCC Grand Prix: Titled Tuesday Blitz"]
[Site "Chess.com"]
[Date "2020.08.11"]
[Round "4"]
[White "MoreChessJulia"]
[Black "ethylalcohol"]
[Result "0-1"]
[WhiteElo "1851"]
[BlackElo "2205"]
[TimeControl "180+1"]
[EndTime "10:36:25 PDT"]
[Termination "ethylalcohol won by checkmate"]

1. d4 Nf6 2. c4 g6 3. f3 d5 4.
cxd5 Nxd5 5. e4 Nf6 6. Nc3 Bg7 7. Be3 O-O 8. Qd2 Re8 9. Bc4 e5 10. d5 c6 11. h4 cxd5 12. Nxd5 Nxd5 13. Bxd5 Nc6 14. h5 Be6 15. hxg6 hxg6 16. Bh6 Bf6 17.
O-O-O Nd4 18. Bxe6 Rxe6 19. Ne2 Rc6+ 20. Kb1 Rac8 21.
Nxd4 exd4 22. Qf4 Qe7 23. Qh2 Qb4 24. Rd3 Rc2 25. b3 Qa3 26. Bc1 Qxa2# 0-1

[Event "*** SCC Grand Prix: Titled Tuesday Blitz"]
[Site "Chess.com"]
[Date "2020.08.11"]
[Round "4"]
[White "KatarinaOstojic"]
[Black "tlomigtlis"]
[Result "0-1"]
[WhiteElo "2237"]
[BlackElo "2435"]
[TimeControl "180+1"]
[EndTime "10:36:31 PDT"]
[Termination "tlomigtlis won by resignation"]

1. d4 d5 2. Nf3 Nf6 3. c4 c6 4.
Nc3 e6 5. e3 a6 6. c5 Nbd7 7. Be2 Qc7 8. O-O e5 9. b4 Be7 10. Bb2 O-O 11. Rc1 Re8 12. Qc2 e4 13. Nd2 Nf8 14. a4 Ng6 15. b5 axb5 16. axb5 Ng4 17. Bxg4 Bxg4 18. h3 Be6 19. Ra1 Qd7 20. b6 Bxh3 21. gxh3 Qxh3 22. Ncxe4 Nh4 0-1

[Event "*** SCC Grand Prix: Titled Tuesday Blitz"]
[Site "Chess.com"]
[Date "2020.08.11"]
[Round "4"]
[White "johnathan113"]
[Black "Noam_Vitenberg"]
[Result "1-0"]
[WhiteElo "2697"]
[BlackElo "2497"]
[TimeControl "180+1"]
[EndTime "10:36:34 PDT"]
[Termination "johnathan113 won by checkmate"]

1. d4 d5 2. Nc3 Nf6 3. Bf4 Bf5 4. f3 e6 5. g4 Bg6 6. h4 h6 7. e3 Bd6 8. h5 Bh7 9. Bd3 Bxd3 10. Qxd3 Nbd7 11.
O-O-O a6 12. Nh3 Rc8 13. Kb1 b5 14. e4 Bxf4 15. Nxf4 dxe4 16. Nxe4 O-O 17. Rdg1 c5 18. g5 Nxe4 19. gxh6 Ng5 20. hxg7 Kxg7 21. Nxe6+ fxe6 22. Qg6+ Kh8 23. Qh6+ Kg8 24. Rxg5+ Qxg5 25. Qxg5+ Kf7 26. h6 Rg8 27. Qh5+ Ke7 28. h7 Rh8 29. Rg1 Nf6 30.
Rg7+ Kd6 31. Qe5+ Kc6 32. Qxe6# 1-0

[Event "*** SCC Grand Prix: Titled Tuesday Blitz"]
[Site "Chess.com"]
[Date "2020.08.11"]
[Round "4"]
[White "tptagain"]
[Black "rududuyk"]
[Result "1-0"]
[WhiteElo "2912"]
[BlackElo "2121"]
[TimeControl "180+1"]
[EndTime "10:36:36 PDT"]
[Termination "tptagain won by resignation"]

1. d4 e6 2. Nf3 f5 3. Bg5 Be7 4. Bxe7 Qxe7 5. e3 Nf6 6. c4 b6 7. Nc3 Bb7 8. Qc2 Ne4 9. Bd3 Nxc3 10. Qxc3 a5 11. a3 O-O 12. Be2 Rf6 13. d5 exd5 14. cxd5 Bxd5 15. Qxc7 Na6 16. Bxa6 Rc6 17. Qe5 Re6 18.
Qxd5 1-0

[Event "*** SCC Grand Prix: Titled Tuesday Blitz"]
[Site "Chess.com"]
[Date "2020.08.11"]
[Round "4"]
[White "Ole83"]
[Black "Juanovic"]
[Result "1-0"]
[WhiteElo "2356"]
[BlackElo "2062"]
[TimeControl "180+1"]
[EndTime "10:36:36 PDT"]
[Termination "Ole83 won by resignation"]

1. c4 c5 2. Nc3 Nc6 3. g3 g6 4. Bg2 Bg7 5. a3 a5 6. Nf3 e5 7. O-O Nge7 8. Ne1 d6 9. Nc2 Be6 10. Ne3 O-O 11. Rb1 f5 12. d3 Kh8 13. Ned5 Bg8 14. Bg5 h6 15. Bxe7 Nxe7 16. Nxe7 Qxe7 17. Nd5 Bxd5 18. Bxd5 a4 19. b4 axb3 20. Rxb3 Ra7 21. Qd2 Rfa8 22. Rfb1 Rxa3 23. Rxb7 Qf8 24. Rf7 Qd8 25.
Rbb7 Qg8 26. Rxg7 Qxg7 27. Rxg7 1-0

[Event "*** SCC Grand Prix: Titled Tuesday Blitz"]
[Site "Chess.com"]
[Date "2020.08.11"]
[Round "4"]
[White "parintele_chess"]
[Black "Vsevolod_Ovchinnikov"]
[Result "0-1"]
[WhiteElo "2111"]
[BlackElo "2448"]
[TimeControl "180+1"]
[EndTime "10:36:40 PDT"]
[Termination "Vsevolod_Ovchinnikov won by resignation"]

1. d4 Nf6 2. c4 g6 3. Nc3 d5 4.
cxd5 Nxd5 5. e4 Nxc3 6. bxc3 Bg7 7. Nf3 c5 8. Be3 O-O 9. Rc1 Qa5 10. Qd2 Rd8 11.
Be2 Nc6 12. d5 e6 13. c4 Nb4 14. O-O b6 15. Bg5 f6 16. Bh6 Qxa2 17. Qxa2 Nxa2 18.
Ra1 Nc3 19. Bxg7 Nxe2+ 20. Kh1 Kxg7 0-1

[Event "*** SCC Grand Prix: Titled Tuesday Blitz"]
[Site "Chess.com"]
[Date "2020.08.11"]
[Round "4"]
[White "LaPorfia"]
[Black "NateSolon"]
[Result "0-1"]
[WhiteElo "2254"]
[BlackElo "2524"]
[TimeControl "180+1"]
[EndTime "10:36:41 PDT"]
[Termination "NateSolon won by resignation"]

1. d4 Nf6 2. Nf3 d5 3. Bf4 c5 4. e3 Nc6 5. c3 cxd4 6. exd4 Bf5 7. Nbd2 e6 8. Ne5 Nxe5 9. dxe5 Nd7 10. Qb3 Bc5 11. Be2 O-O 12. O-O Qc7 13. Rae1 Nxe5 14. c4 d4 15. Qg3 Bd6 16. c5 Nf3+ 17. Nxf3 Bxf4 18. Qh4 d3 19. Bd1 d2 20. Re2 Bd3 0-1

[Event "*** SCC Grand Prix: Titled Tuesday Blitz"]
[Site "Chess.com"]
[Date "2020.08.11"]
[Round "4"]
[White "szefru"]
[Black "CrazyMartian"]
[Result "0-1"]
[WhiteElo "2099"]
[BlackElo "2324"]
[TimeControl "180+1"]
[EndTime "10:36:47 PDT"]
[Termination "CrazyMartian won by resignation"]

1. e4 c5 2. b3 d5 3. exd5 Nf6 4. Bb2 Nxd5 5. Nf3 Nc6 6. Bc4 Bf5 7. O-O e6 8. a3 Rc8 9. Re1 Nb6 10. Bb5 a6 11.
Be2 Qd7 12. a4 Nd4 13. Nxd4 cxd4 14. a5 Bxc2 15. Qc1 Bxb3 16. Nc3 dxc3 17. axb6 cxd2 18.
Qb1 dxe1=Q+ 19. Qxe1 Bd5 20. Be5 f6 21. Bc7 Bd6 22.
Bxd6 Qxd6 23. Rd1 O-O 24. Bf3 Rfd8 25. Qe3 Qc5 26. Qf4 Bxf3 27. Rxd8+ Rxd8 28. gxf3 Rd1+ 29. Kg2 Qg5+ 0-1

[Event "*** SCC Grand Prix: Titled Tuesday Blitz"]
[Site "Chess.com"]
[Date "2020.08.11"]
[Round "4"]
[White "TheMightyBishops"]
[Black "PavelChernomordik"]
[Result "0-1"]
[WhiteElo "2011"]
[BlackElo "2360"]
[TimeControl "180+1"]
[EndTime "10:36:48 PDT"]
[Termination "PavelChernomordik won by checkmate"]

1. e4 g6 2. c4 Bg7 3. Nc3 d6 4. g3 c5 5. Bg2 Nc6 6. h3 e5 7. d3 Be6 8. Be3 Qd7 9. Nge2 Nge7 10. f4 Nd4 11. f5 gxf5 12. exf5 Nexf5 13. Bf2 O-O 14. g4 Ne7 15. Ne4 f5 16. Ng5 Kh8 17. Nxe6 Qxe6 18. Nc3 e4 19. O-O e3 20. Bg3 e2 21. Nxe2 Nxe2+ 22. Kh2 Nxg3 23. Re1 Be5 24. Kg1 fxg4 25. hxg4 Bd4+ 26. Kh2 Qh6+ 27. Kxg3 Bf2# 0-1

[Event "*** SCC Grand Prix: Titled Tuesday Blitz"]
[Site "Chess.com"]
[Date "2020.08.11"]
[Round "4"]
[White "smshk35"]
[Black "Shota_Azaladze"]
[Result "0-1"]
[WhiteElo "2490"]
[BlackElo "2686"]
[TimeControl "180+1"]
[EndTime "10:36:55 PDT"]
[Termination "Shota_Azaladze won by resignation"]

1. e4 c5 2. Nf3 Nf6 3. e5 Nd5 4.
Nc3 Nc7 5. d4 cxd4 6. Nxd4 Nc6 7.
Bf4 Nxd4 8. Qxd4 Ne6 9. Qe3 Nxf4 10. Qxf4 g6 11. Bc4 e6 12. Ne4 Be7 13. O-O O-O 14. Rad1 Qc7 15. Nd6 f6 16. exf6 Rxf6 17. Qd4 Qxd6 18.
Qxf6 Qxh2+ 19. Kxh2 Bxf6 20. c3 Kf7 21. Rd6 Ke7 22.
Rfd1 Be5+ 0-1

[Event "*** SCC Grand Prix: Titled Tuesday Blitz"]
[Site "Chess.com"]
[Date "2020.08.11"]
[Round "4"]
[White "MarcoRiehle"]
[Black "Beca95"]
[Result "0-1"]
[WhiteElo "2739"]
[BlackElo "2891"]
[TimeControl "180+1"]
[EndTime "10:36:57 PDT"]
[Termination "Beca95 won by resignation"]

1. e4 c5 2. a3 Nf6 3. e5 Nd5 4. c4 Nc7 5. b4 d6 6. Nf3 dxe5 7. d3 Nc6 8. b5 Nd4 9. Nxe5 g6 10. Qa4 b6 11. Bb2 Bg7 12. Nc6 Qd6 13. Nd2 Nf3+ 14. gxf3 Bxb2 15. Ne4 Qe6 16. Rb1 Bc3+ 17.
Kd1 Bg7 18. h4 f5 19. Ng5 Qd6 20. h5 h6 21. Nh3 g5 22. Kc2 a6 23. Qb3 axb5 24.
cxb5 Be6 0-1

[Event "*** SCC Grand Prix: Titled Tuesday Blitz"]
[Site "Chess.com"]
[Date "2020.08.11"]
[Round "4"]
[White "denispopov"]
[Black "paulrusan"]
[Result "0-1"]
[WhiteElo "1841"]
[BlackElo "2203"]
[TimeControl "180+1"]
[EndTime "10:36:59 PDT"]
[Termination "paulrusan won by resignation"]

1. e4 g6 2. d4 Bg7 3. Nc3 d6 4. Be3 a6 5. h3 b5 6. a3 Bb7 7. Nf3 Nd7 8. Bd3 c5 9. O-O cxd4 10. Bxd4 Ngf6 11. Re1 e5 12. Be3 O-O 13. Bg5 Qc7 14. Rc1 Nc5 15. Nd2 Ne6 16. Be3 Rfd8 17.
Na2 d5 18. exd5 Nxd5 19. c4 Nxe3 20. Rxe3 Qd6 21. cxb5 axb5 22. Nb4 Nf4 23. Rg3 e4 24. Nxe4 Bxe4 25. Bxe4 Qxd1+ 26. Rxd1 Rxd1+ 27. Kh2 Re8 28. Bc6 Ree1 0-1

[Event "*** SCC Grand Prix: Titled Tuesday Blitz"]
[Site "Chess.com"]
[Date "2020.08.11"]
[Round "4"]
[White "rasmussvane"]
[Black "elcandado"]
[Result "1-0"]
[WhiteElo "2875"]
[BlackElo "2545"]
[TimeControl "180+1"]
[EndTime "10:37:00 PDT"]
[Termination "rasmussvane won by resignation"]

1. Nf3 Nf6 2. g3 d5 3. Bg2 Bf5 4. O-O e6 5. c4 c6 6. Qb3 Qb6 7. d3 Nbd7 8. cxd5 cxd5 9. Nc3 Qxb3 10. axb3 a6 11. Bf4 h6 12. Rfc1 Bb4 13. Nb5 Ke7 14. Nbd4 Bh7 15. Rc7 Bd6 16. Rxb7 Bxf4 17. gxf4 Kd6 18.
b4 Rhb8 19. Rxb8 Nxb8 20. Ne5 Bg6 21. Bh3 Bh5 22. Kf1 Ra7 23. Nb5+ 1-0

[Event "*** SCC Grand Prix: Titled Tuesday Blitz"]
[Site "Chess.com"]
[Date "2020.08.11"]
[Round "4"]
[White "Sammed_Shete"]
[Black "PIwan"]
[Result "0-1"]
[WhiteElo "2630"]
[BlackElo "2480"]
[TimeControl "180+1"]
[EndTime "10:37:05 PDT"]
[Termination "PIwan won by resignation"]

1. e4 e6 2. Nf3 d5 3. Nc3 Nf6 4.
e5 Ne4 5. Ne2 Bc5 6. d4 Be7 7.
Ng3 c5 8. Bd3 Nxg3 9. fxg3 cxd4 10. O-O Nc6 11. a3 O-O 12. b4 f6 13. Qe2 fxe5 14.
Nxe5 Rxf1+ 15. Kxf1 Nxe5 16. Qxe5 Bf6 17. Qh5 g6 18. Qh6 e5 19. Kg1 e4 20. Bf1 d3 21.
Ra2 Qb6+ 22. Be3 Bd4 23. Kf2 Bg4 24. c3 Bxe3+ 0-1

[Event "*** SCC Grand Prix: Titled Tuesday Blitz"]
[Site "Chess.com"]
[Date "2020.08.11"]
[Round "4"]
[White "Sanyura"]
[Black "Margarita2907"]
[Result "1-0"]
[WhiteElo "2385"]
[BlackElo "2100"]
[TimeControl "180+1"]
[EndTime "10:37:05 PDT"]
[Termination "Sanyura won by resignation"]

1. e4 c5 2. Nf3 d6 3. d4 cxd4 4.
Nxd4 Nf6 5. Nc3 a6 6. g3 e5 7. Nb3 Be7 8. Bg2 O-O 9. O-O Nbd7 10. a4 b6 11. Nd5 Bb7 12. Be3 Nxd5 13. exd5 f5 14. f4 Nc5 15. fxe5 Nxb3 16. cxb3 Bg5 17.
Bxg5 Qxg5 18. e6 f4 19. Qd2 Rf5 20. Rxf4 Bxd5 21. Raf1 Bxg2 22. Qxg2 Rxf4 23. Qxa8+ 1-0

[Event "*** SCC Grand Prix: Titled Tuesday Blitz"]
[Site "Chess.com"]
[Date "2020.08.11"]
[Round "4"]
[White "WonderChampion"]
[Black "Roza_Idrisova"]
[Result "1-0"]
[WhiteElo "1983"]
[BlackElo "2212"]
[TimeControl "180+1"]
[EndTime "10:37:08 PDT"]
[Termination "WonderChampion won by checkmate"]

1. d4 d5 2. Bg5 c6 3. Nf3 Bf5 4. e3 Qb6 5. Qc1 Nd7 6. c4 e6 7.
Nc3 h6 8. Bf4 Ngf6 9. Be2 Bb4 10.
O-O O-O 11. c5 Qd8 12. a3 Ba5 13. b4 Bc7 14. Bg3 Re8 15. b5 e5 16. dxe5 Nxe5 17. Nd4 Bd7 18. Rb1 Ng6 19. a4 Bxg3 20. hxg3 Qe7 21.
Na2 Ne4 22. bxc6 Bxc6 23. Nf5 Qxc5 24. Qb2 Qa5 25. Qxg7# 1-0

[Event "*** SCC Grand Prix: Titled Tuesday Blitz"]
[Site "Chess.com"]
[Date "2020.08.11"]
[Round "4"]
[White "teacher4chess"]
[Black "Alopekos"]
[Result "1-0"]
[WhiteElo "2052"]
[BlackElo "2280"]
[TimeControl "180+1"]
[EndTime "10:37:09 PDT"]
[Termination "teacher4chess won on time"]

1. d4 Nf6 2. Nf3 e6 3. Bg5 Be7 4. Bxf6 Bxf6 5. e4 d5 6. e5 Be7 7. Bd3 c5 8. c3 Qb6 9. Qc2 Nc6 10.
dxc5 Bxc5 11. O-O h6 12. Nbd2 Bd7 13. Nb3 Be7 14. a4 1-0

[Event "*** SCC Grand Prix: Titled Tuesday Blitz"]
[Site "Chess.com"]
[Date "2020.08.11"]
[Round "4"]
[White "Zarikovs1999"]
[Black "midedu"]
[Result "1/2-1/2"]
[WhiteElo "2371"]
[BlackElo "2148"]
[TimeControl "180+1"]
[EndTime "10:37:12 PDT"]
[Termination "Game drawn by repetition"]

1. e4 c5 2. Nf3 Nc6 3. d4 cxd4 4. Nxd4 Nf6 5. Nc3 Qb6 6. Nb3 e6 7. Qe2 d6 8. Be3 Qc7 9. O-O-O a6 10. h3 Be7 11. g4 b5 12. g5 Nd7 13. h4 Nce5 14. Bg2 Bb7 15. f4 Nc4 16. Bd4 e5 17. fxe5 dxe5 18. Bf2 O-O 19. Nd5 Bxd5 20. exd5 Rac8 21. Rhe1 Bb4 22. c3 Bd6 23. Kb1 a5 24. Nd2 Nxb2 25. Kxb2 Qxc3+ 26. Kb1 Qc2+ 27. Ka1 Qc3+ 28. Kb1 Qc2+ 29.
Ka1 Qc3+ 30. Kb1 1/2-1/2

[Event "*** SCC Grand Prix: Titled Tuesday Blitz"]
[Site "Chess.com"]
[Date "2020.08.11"]
[Round "4"]
[White "VishnuPrasanna"]
[Black "Dedic8"]
[Result "0-1"]
[WhiteElo "2681"]
[BlackElo "2837"]
[TimeControl "180+1"]
[EndTime "10:37:13 PDT"]
[Termination "Dedic8 won by resignation"]

1. d4 Nf6 2. c4 g6 3. Nc3 d5 4.
cxd5 Nxd5 5. e4 Nxc3 6. bxc3 Bg7 7. Nf3 c5 8. Bb5+ Nc6 9. Rb1 O-O 10. d5 Ne5 11. O-O a6 12. Be2 b5 13. Nxe5 Bxe5 14.
Be3 Qc7 15. f4 Bxc3 16. Qd3 Bg7 17. e5 c4 18. Qd2 Bb7 19. a4 Rad8 20. Bf3 Bxd5 21.
Bxd5 e6 22. axb5 Rxd5 23. b6 Qb7 24. Qb4 Rc8 25. Rfc1 Bf8 26. Qa4 Bc5 27. Bxc5 Rdxc5 28. Rc3 R8c6 29. Rbc1 Qxb6 30. Kh1 Qb5 31. Qc2 Rd5 32.
h4 Rd4 33. g3 Qd5+ 34. Qg2 Rd2 35. Qf3 Rb6 0-1

[Event "*** SCC Grand Prix: Titled Tuesday Blitz"]
[Site "Chess.com"]
[Date "2020.08.11"]
[Round "4"]
[White "AlexTriapishko"]
[Black "aa175"]
[Result "1-0"]
[WhiteElo "2671"]
[BlackElo "2480"]
[TimeControl "180+1"]
[EndTime "10:37:19 PDT"]
[Termination "AlexTriapishko won by resignation"]

1. Nf3 Nf6 2. g3 d5 3. Bg2 Bf5 4. c4 e6 5. Qb3 Nc6 6. O-O Be7 7. cxd5 exd5 8. Nc3 Nb4 9. Nd4 Bg6 10. a3 Nc6 11. Nxc6 bxc6 12. Qa4 Qd7 13. d3 h5 14. Bg5 Ng4 15. Bxe7 Kxe7 16. h3 Nf6 17. e4 d4 18. e5 dxc3 19. exf6+ Kxf6 20. Qh4+ Kf5 21. Qf4+ Ke6 22. Rfe1+ 1-0

[Event "*** SCC Grand Prix: Titled Tuesday Blitz"]
[Site "Chess.com"]
[Date "2020.08.11"]
[Round "4"]
[White "blitzking1729"]
[Black "Sadykov_Ramil"]
[Result "1-0"]
[WhiteElo "2617"]
[BlackElo "2408"]
[TimeControl "180+1"]
[EndTime "10:37:21 PDT"]
[Termination "blitzking1729 won by resignation"]

1. c4 Nf6 2. Nc3 d5 3. cxd5 Nxd5 4. e4 Nxc3 5. bxc3 g6 6. Nf3 Bg7 7. Be2 O-O 8. O-O c5 9. Rb1 b6 10. Re1 Bb7 11. Bc4 e5 12. Ba3 Nc6 13. Bd5 Na5 14. Bxc5 Bxd5 15. Bxf8 Kxf8 16. exd5 Qxd5 17. Qa4 Re8 18. Rb5 Qd3 19. Re3 Qd6 20. h3 Kg8 21. Rxa5 1-0